cohdb
Replays
Latest Replays
All Replays
Popular Replays
Top Player Replays
Match Explorer
How It Works
Community
CoH3 Stats
Reddit
Sign in to upload your games and track your stats! →
Sign in with Steam
Match 46603791
Unlisted
Match 46603791
Overview
Messages
Build Orders
End
Kradschützen Motorcycle Team
Panzergrenadier Squad
250 Light Carrier
Construct Light Support Kompanie
Combat Half-tracks
Fire Support Elements
Panzergrenadier Squad
Selects Panzerjäger Kommand Battlegroup
Selects Mine Fields
Flakvierling Half-track
Selects Defensive Positions
Panzerjäger Mechanized Group
Vehicle Survival Package
Selects Tank Busters
Panzergrenadier Squad
Construct Panzerarmee Kommand
Selects Crew Shock Tactics
K̳itsuné
aSIIDemolitionHammer
ChevyDad
Neo
0
0
Comments
sign in to comment!
No comments posted yet!